 Dungeon Crawl Stone Soup version 0.26-a0-30-g56b8cd3df0 (webtiles) character file.

Game seed: 18444324559032321675, levelgen mode: deterministic

1978 MisterFreud the Carver (level 9, -1/58 HPs)
             Began as an Octopode Gladiator on June 2, 2020.
             Was a Follower of Cheibriados.
             Killed from afar by an electric eel (10 damage)
             ... with a bolt of electricity
             ... on level 7 of the Dungeon.
             The game lasted 00:08:56 (7919 turns).

MisterFreud the Carver (Octopode Gladiator)         Turns: 7919, Time: 00:08:57

Health: -1/58      AC:  1    Str: 16    XL:     9   Next: 20%
Magic:  9/9        EV: 19    Int: 17    God:    Cheibriados [*.....]
Gold:   186        SH:  5    Dex: 16    Spells: 8/8 levels left

rFire    + . .     SeeInvis +   a - +0 long sword
rCold    + . .     Gourm    .   (no shield)
rNeg     . . .     Faith    .   b - +0 hat
rPois    .         Spirit   .   t - amulet of reflection
rElec    .         Reflect  +   h - ring of protection from fire
rCorr    .         Harm     .   u - ring of see invisible
MR       .....                  y - ring of protection from cold
Stlth    ++........             (no ring)
HPRegen  0.19/turn              (no ring)
MPRegen  0.11/turn              (no ring)
                                (no ring)
                                (no ring)

@: very slow
A: almost no armour, stealthy swim, amphibious, 8 rings, constrict 8, camouflage
1, gelatinous body 1
a: Bend Time, Renounce Religion


You were on level 7 of the Dungeon.
You worshipped Cheibriados.
Cheibriados was aware of your devotion.
You were hungry.

You visited 2 branches of the dungeon, and saw 8 of its levels.

You collected 186 gold pieces.

Inventory:

Hand Weapons
 a - a +0 long sword (weapon)
Missiles
 c - 3 throwing nets (quivered)
 f - 8 javelins
 x - 19 poisoned darts
Armour
 b - a +0 hat (worn)
Jewellery
 h - a ring of protection from fire (left tentacle)
 t - an amulet of reflection (around mantle)
 u - a ring of see invisible (right tentacle)
 y - a ring of protection from cold (on tentacle)
Wands
 q - a wand of flame (27)
 B - a wand of enslavement (10)
 C - a wand of clouds (8)
Scrolls
 e - 3 scrolls of remove curse {unknown}
 g - a scroll of noise {unknown}
 i - 3 scrolls of immolation {unknown}
 k - 3 scrolls of identify
 l - a scroll of amnesia {unknown}
 m - a scroll of fog {unknown}
 p - 3 scrolls of teleportation {unknown}
 s - a scroll of enchant armour {unknown}
Potions
 j - 2 potions of flight
 n - a potion of degeneration
 o - 6 potions of curing
 r - a potion of mutation
 v - a potion of stabbing {unknown}
 w - a potion of might
 z - a potion of cancellation {unknown}
 A - a potion of haste {unknown}
Comestibles
 d - 10 rations


   Skills:
 - Level 4.0 Fighting
 + Level 9.0 Long Blades
 - Level 2.0 Throwing
 - Level 8.1 Dodging


You had 8 spell levels left.
You didn't know any spells.
Your spell library was empty.

Dungeon Overview and Level Annotations

Branches:
Dungeon (7/15)             Temple (1/1) D:5

Altars:
Ashenzari
Cheibriados
Dithmenos
Elyvilon
Fedhas
Gozag
Hepliaklqana
Kikubaaqudgha
Nemelex Xobeh
Okawaru
Qazlal
Ru
Sif Muna
Trog
Uskayaw
Wu Jian
Xom
Yredelemnul
Zin
The Shining One


Innate Abilities, Weirdness & Mutations

You cannot wear most types of armour.
You are very stealthy in the water. (Stealth+)
You are amphibious.
You can wear up to eight rings at the same time.
You can use your tentacles to constrict eight enemies at once.
Your skin changes colour to match your surroundings (Stealth+).
Your rubbery body absorbs attacks. (AC +1, EV +1)


Message History

Items here: ))) [ ÷ a +0 club; a +0 dagger; a +0 scale mail; a +0 hand axe; an orc skeleton
Things that are here:
a +0 dagger; a +0 robe; an orc skeleton An electric eel comes into view.
Found 13 gold pieces.
An electric eel is nearby!
An electric eel comes into view.
The electric eel shoots out a bolt of lightning at you!
The bolt of electricity hits you! The bolt of electricity misses you.
The electric eel shoots out a bolt of lightning at you!
The bolt of electricity hits you!
The electric eel shoots out a bolt of lightning at you!
The bolt of electricity hits you! x2
* * * LOW HITPOINT WARNING * * *
An electric eel comes into view.
The electric eel shoots out a bolt of lightning at you!
The bolt of electricity hits the electric eel.
The electric eel completely resists.
The bolt of electricity hits you!
You die...

..# ##........#
..###........###.≈≈≈≈.≈≈
#..##.......## #.≈≈≈≈.≈≈
##..#......## #.≈≈;≈...
##.......## #.......≈
##...#.## #.≈≈≈≈≈.≈
##..### ##.≈≈≈≈≈.;
##.).### #..;≈≈≈≈.≈
#..))..####.@≈≈≈≈≈.≈
#..##....##.........
##...####....######.. #
##......####....#
###..........###......
##..####...... ......
#..## ##.... ...#.. ..##
.... ...... .## ...
......


You could see 3 electric eels.

Vanquished Creatures
  Eustachio (D:5)
  An orc warrior (D:6)
  A sky beast (D:5)
  A black bear (D:6)
  An ogre (D:4)
  A centaur (D:6)
  3 bullfrogs
  A scorpion (D:5)
  8 crimson imps
  3 orc priests
  A centaur skeleton (D:6)
  Jessica (D:2)
  Ijyb (D:4)
  4 orc wizards
  4 worker ants
  A hound skeleton (D:5)
  A worker ant zombie (D:7)
  15 gnolls
  A howler monkey skeleton (D:7)
  15 adders
  An ooze (D:3)
  2 adder skeletons
  5 worms
  4 dart slugs
  7 leopard geckos
  28 orcs
  2 ball pythons
  6 bats
  4 giant cockroaches
  7 goblins
  9 hobgoblins
  3 jackals (D:4)
  12 kobolds
  3 quokkas
  8 frilled lizards
  A jackal skeleton (D:5)
  2 quokka skeletons (D:5)
  12 rats
181 creatures vanquished.

Notes
Turn   | Place    | Note
-------+----------+-------------------------------------------
     0 | D:1      | MisterFreud the Octopode Gladiator began the quest for the
                  | Orb.
     0 | D:1      | Reached XP level 1. HP: 14/14 MP: 1/1
    58 | D:1      | Reached XP level 2. HP: 20/20 MP: 2/2
   195 | D:1      | Reached XP level 3. HP: 21/26 MP: 3/3
  1246 | D:2      | Reached XP level 4. HP: 24/33 MP: 4/4
  1595 | D:2      | Found a sparkling altar of Nemelex Xobeh.
  1939 | D:2      | Reached skill level 4 in Long Blades
  1985 | D:3      | Found a shattered altar of Ashenzari.
  1985 | D:3      | Noticed Jessica
  1998 | D:2      | Killed Jessica
  1998 | D:2      | Reached XP level 5. HP: 36/37 MP: 5/5
  2219 | D:3      | Reached skill level 5 in Long Blades
  2477 | D:3      | Reached XP level 6. HP: 36/43 MP: 6/6
  3192 | D:3      | Reached skill level 6 in Long Blades
  3513 | D:3      | Found a stormy altar of Qazlal.
  3513 | D:3      | Found an iron altar of Okawaru.
  4062 | D:4      | Reached XP level 7. HP: 48/48 MP: 7/7
  4395 | D:4      | Found a glowing golden altar of the Shining One.
  4421 | D:4      | Noticed Ijyb
  4429 | D:4      | Killed Ijyb
  4597 | D:4      | Reached skill level 5 in Dodging
  5391 | D:4      | Found a bloodstained altar of Trog.
  5391 | D:4      | Found a blossoming altar of Fedhas.
  5653 | D:5      | Entered Level 5 of the Dungeon
  5653 | D:5      | Found a white marble altar of Elyvilon.
  6004 | D:5      | Noticed an angel
  6005 | D:5      | Found a glowing silver altar of Zin.
  6212 | D:5      | Reached XP level 8. HP: 52/54 MP: 8/8
  6255 | D:5      | Found a staircase to the Ecumenical Temple.
  6259 | D:5      | Noticed Eustachio
  6285 | D:5      | Killed Eustachio
  6292 | Temple   | Entered the Ecumenical Temple
  6428 | Temple   | Became a worshipper of Cheibriados the Contemplative
  6519 | D:5      | Found a sacrificial altar of Ru.
  6799 | D:6      | Reached skill level 7 in Long Blades
  7238 | D:6      | Found a basalt altar of Yredelemnul.
  7265 | D:6      | Reached * piety under Cheibriados
  7286 | D:6      | Reached skill level 8 in Long Blades
  7286 | D:6      | Reached XP level 9. HP: 58/58 MP: 9/9
  7656 | D:7      | Reached skill level 9 in Long Blades
  7919 | D:7      | Killed from afar by an electric eel

Illustrated notes

Levels and vault maps discovered:
D:1:      psy_arrival_dodecagon, layout_loops_cross, minmay_tetromino_o4
D:2:      layout_basic, nemelex_altar_shiori
D:3:      layout_rooms, cheibrodos_ashenzari_chains,
          amethyst_overflow_temple_binary, st_stairs_7, minmay_misc_feat_iff,
          minmay_stone_trees_small, uniq_jessica
D:4:      layout_basic, kennysheep_mini, gammafunk_temple_overflow_elements,
          uniq_ijyb
D:5:      layout_basic, nicolae_ru_path_of_blood, elyvilon_altar_5, zin_angel,
          minmay_temple_entry_purple_smoke, first_ration, uniq_eustachio
D:6:      layout_basic, yredelemnul_altar_generic
D:7:      layout_cave_pods, serial_shops, shop, minivault_14
Temple:   kb_temple_of_zot

Skill      XL: |  1  2  3  4  5  6  7  8  9 |
---------------+----------------------------+-----
Fighting       | 3 4 |  4.0
Long Blades    | 4 5 6 8 9 |  9.0
Dodging        | 4 7 8 |  8.1
Throwing       | |  2.0

Action                   |  1- 3 |  4- 6 |  7- 9 || total
-------------------------+-------+-------+-------++-------
Melee: Long sword        |    60 |   136 |   192 ||   388
       Constrict         |    15 |    43 |    63 ||   121
       Tentacles         |    13 |    26 |    57 ||    96
  Use: Potion            |     2 |     1 |     2 ||     5
       Scroll            |       |       |     3 ||     3
 Stab: Sleeping          |     8 |     8 |     5 ||    21
  Eat: Chunk             |     1 |     9 |    11 ||    21
Armor: Skin              |       |     9 |     5 ||    14
Dodge: Dodged            |    44 |    93 |   134 ||   271
Block: Other             |       |       |    26 ||    26
       Reflection        |       |       |     1 ||     1
       Rpst.: Long sword |    10 |    19 |    48 ||    77

Table legend:
 A = Non-vault XP
 B = Vault XP
 C = Vault XP percentage of total XP
 D = Non-vault monster count
 E = Vault monster count
 F = Vault count percentage of total count
                 A         B        C        D         E       F
            +---------+---------+-------+---------+---------+-------
      Total |    2534 |     292 |  10.3 |     175 |       6 |   3.3
            +---------+---------+-------+---------+---------+-------
        D:1 |      56 |       3 |   5.1 |      32 |       2 |   5.9
        D:2 |      96 |      37 |  27.8 |      14 |       1 |   6.7
        D:3 |     324 |       8 |   2.4 |      47 |       1 |   2.1
        D:4 |     423 |      36 |   7.8 |      27 |       1 |   3.6
        D:5 |     580 |     208 |  26.4 |      27 |       1 |   3.6
        D:6 |     754 |       0 |   0.0 |      19 |       0 |   0.0
        D:7 |     301 |       0 |   0.0 |       9 |       0 |   0.0
            +---------+---------+-------+---------+---------+-------
